 Dungeon Crawl Stone Soup version 0.27.0-65-ge2af304b15 (console) character file.

Game seed: 13246299866334965168

105 Banquo the Slasher (level 5, -3/39 HPs)
             Began as a Djinni Warper on Aug 18, 2021.
             Slain by Sigmund (10 damage)
             ... on level 2 of the Dungeon.
             The game lasted 00:03:51 (3210 turns).

Banquo the Slasher (Djinni Warper)                  Turns: 3210, Time: 00:03:51

Health: -3/39      AC:  3    Str: 10    XL:     5   Next: 8%
Gold:   107        EV: 11    Int: 15    God:
                   SH:  0    Dex: 13

rFire    + + .     SeeInvis .   a - +0 falchion
rCold    x . .     Faith    .   (no shield)
rNeg     . . .     Spirit   .   b - +0 leather armour
rPois    ∞         Reflect  .   (no helmet)
rElec    .         Harm     .   (no cloak)
rCorr    .         Rampage  .   (no gloves)
Will     .....                  (boots unavailable)
Stlth    +.........             (no amulet)
HPRegen  0.13/turn              (no ring)
MPRegen  0.00/turn              (no ring)

@: flying
A: sickness immunity, fire resistance 2, cold vulnerability 1, float, innate
caster, hp casting, extra vitality 1
a: no special abilities


You were on level 2 of the Dungeon.
You visited 1 branch of the dungeon, and saw 2 of its levels.

You collected 107 gold pieces.

Inventory:

Hand Weapons
 a - a +0 falchion (weapon)
Missiles
 d - 5 boomerangs of dispersal (quivered)
 h - 17 stones
Armour
 b - a +0 leather armour (worn)
Scrolls
 c - a scroll of blinking
 f - a scroll of noise {unknown}
 g - 4 scrolls of teleportation {unknown}
 j - a scroll of acquirement {unknown}
Potions
 e - 3 potions of heal wounds {unknown}
 i - a potion of degeneration {unknown}


   Skills:
 * Level 2.7 Fighting
 * Level 3.5 Long Blades
 - Level 0.7 Throwing
 - Level 1.0 Armour
 - Level 2.1 Dodging
 * Level 2.9 Spellcasting


You couldn't memorise any spells.
You knew the following spells:

 Your Spells              Type           Power      Damage    Failure   Level
a - Sandblast             Erth           20%        2d7       9%          1
b - Lesser Beckoning      Tloc           5%         N/A       26%         3
c - Corpse Rot            Necr/Air       N/A        N/A       13%         2
e - Manifold Assault      Tloc           10%        N/A       93%         5
g - Gell's Gravitas       Tloc           5%         N/A       26%         3
t - Teleport Other        Tloc           10%        N/A       26%         3
B - Blink                 Tloc           N/A        N/A       13%         2
Your spell library was empty.

Dungeon Overview and Level Annotations

Branches:
Dungeon (2/15)

Altars:

Annotations:
D:2 Sigmund


Innate Abilities, Weirdness & Mutations

You are immune to sickness and miasma.
You are immune to poison.
Your flesh is very heat resistant. (rF++)
You are vulnerable to cold. (rC-)
You float through the air rather than walking.
You learn spells naturally, not from books.
Your magical power is your life essence.
You have superior vitality. (+4 HP)


Message History

Sigmund shouts!
Sigmund gestures at you while chanting. The puff of flame hits you. You resist.
There is an open door here.
Sigmund hits you with a +0 scythe!
You closely miss Sigmund. Sigmund barely misses you.
You hit Sigmund.
Sigmund is lightly wounded.
Sigmund closely misses you.
You riposte.
You hit Sigmund.
Sigmund is moderately wounded.
You hit Sigmund but do no damage.
Sigmund is moderately wounded.
Sigmund casts a spell at you. The magic dart hits you.
You hit Sigmund.
Sigmund is moderately wounded.
Sigmund closely misses you.
You riposte.
You barely miss Sigmund.
Sigmund is moderately wounded.
You closely miss Sigmund.
Sigmund is moderately wounded.
Sigmund hits you with a +0 scythe.
You closely miss Sigmund.
Sigmund is moderately wounded.
Sigmund hits you with a +0 scythe!
You hit Sigmund but do no damage.
Sigmund is moderately wounded.
Sigmund misses you.
You riposte.
You closely miss Sigmund.
Sigmund is moderately wounded.
Sigmund closely misses you.
You hit Sigmund.
Sigmund is heavily wounded.
Sigmund closely misses you.
You closely miss Sigmund.
Sigmund is heavily wounded.
Sigmund hits you with a +0 scythe!
* * * LOW HITPOINT WARNING * * *
You hit Sigmund.
Sigmund is heavily wounded.
Sigmund hits you with a +0 scythe!
You die...

#.# ##.#.#.##.#####.
#.#######....##.####..
#.##......†...#...(†..
#.#..♣♣♣♣♣♣.#.######..
#...♣♣♣.♣÷♣...### ##.
##..♣♣P.#####....# #.
#..♣♣P♣.#...#..#.# #.
#.♣♣PP..#...♣..#.# #.
#.♣_.@@.'.8÷'..#.#####.
#.♣♣♣.PP#..÷♣..........
#..♣♣♣.P#...#..........
##..♣♣PP#####..#.######
##..♣♣PP♣÷♣...........
##..♣♣♣♣♣♣.....######
##.........)<.# #
##.##.#....#.# #
#....###.##.# #


You could see Sigmund.

Vanquished Creatures
  5 adders (D:2)
  A worm (D:2)
  2 ball pythons (D:2)
  6 bats
  4 endoplasms
  A giant cockroach (D:1)
  7 goblins
  A hobgoblin (D:1)
  12 jackals
  3 kobolds
  2 quokkas (D:2)
  2 frilled lizards
  4 rats
50 creatures vanquished.

Notes
Turn   | Place    | Note
-------+----------+-------------------------------------------
     0 | D:1      | Banquo the Djinni Warper began the quest for the Orb.
     0 | D:1      | Reached XP level 1. HP: 18/18 MP: 0/0
   424 | D:1      | Reached skill level 2 in Long Blades
   424 | D:1      | Reached XP level 2. HP: 22/23 MP: 0/0
   621 | D:1      | Reached XP level 3. HP: 23/28 MP: 0/0
   621 | D:1      | Learned a level 1 spell: Sandblast
  1957 | D:2      | Reached XP level 4. HP: 19/34 MP: 0/0
  2155 | D:2      | Reached skill level 3 in Long Blades
  2977 | D:2      | Reached XP level 5. HP: 10/39 MP: 0/0
  2977 | D:2      | Learned a level 2 spell: Corpse Rot
  3197 | D:2      | Found a faded altar of an unknown god.
  3197 | D:2      | Noticed Sigmund
  3210 | D:2      | Slain by Sigmund

Illustrated notes

Levels and vault maps discovered:
D:1:      lemuel_arrival_funnel, layout_loops_corners
D:2:      layout_loops_ring, dilly_ecumenical_altar_fadedgnrine, uniq_sigmund

Skill      XL: |  1  2  3  4 |
---------------+-------------+-----
Long Blades    | 2 3 |  3.5
Fighting       | |  2.7
Throwing       | |  0.7
Armour         | |  1.0
Dodging        | |  2.1
Spellcasting   | |  2.9

Action                   |  1- 3 |  4- 6 || total
-------------------------+-------+-------++-------
Melee: Falchion          |   124 |    74 ||   198
Armor: Leather armour    |    52 |    35 ||    87
Dodge: Dodged            |    76 |    66 ||   142
       Rpst.: Falchion   |    18 |    21 ||    39
